 Dungeon Crawl Stone Soup version 0.22-a0-351-g29664b4 (webtiles) character file.

50 khargal the Sneak (level 3, -6/18 HPs)
             Began as a Vine Stalker Assassin on Apr 13, 2018.
             Mangled by Natasha (8 damage)
             ... on level 2 of the Dungeon.
             The game lasted 00:03:43 (1796 turns).

khargal the Sneak (Vine Stalker Assassin)           Turns: 1796, Time: 00:03:44

Health: -6/18      AC:  7    Str: 13    XL:     3   Next: 79%
Magic:  0/4        EV: 11    Int: 11    God:
Gold:   37         SH:  0    Dex: 16    Spells: 2/2 levels left

rFire    . . .     SeeInvis .   a - +2 dagger
rCold    . . .     Gourm    .   (no shield)
rNeg     . . .     Faith    .   i - +0 leather armour
rPois    .         Spirit   +   h - +2 helmet
rElec    .         Reflect  .   d - +0 cloak
rCorr    .         Harm     .   (no gloves)
MR       .....                  (no boots)
Stlth    +++.......             (no amulet)
HPRegen  0.06/turn              (no ring)
MPRegen  0.09/turn              (no ring)

@: no status effects
A: fangs 2, magic shield, antimagic bite, no potion heal 3, rot immunity
a: no special abilities


You were on level 2 of the Dungeon.
You were not hungry.

You visited 1 branch of the dungeon, and saw 2 of its levels.

You collected 37 gold pieces.

Inventory:

Hand Weapons
 a - a +2 dagger (weapon)
 b - a +0 blowgun
Missiles
 e - 8 poisoned needles
 f - 2 curare-tipped needles
Armour
 d - a +0 cloak (worn)
 h - a +2 helmet (worn)
 i - a +0 leather armour (worn)
Scrolls
 l - a scroll of teleportation {unknown}
 n - a scroll of immolation {unknown}
Potions
 k - a potion of degeneration {unknown}
 m - a potion of invisibility {unknown}
 o - a potion of haste {unknown}
Comestibles
 g - 4 rations
 j - 2 chunks of flesh


   Skills:
 + Level 1.9 Fighting
 + Level 2.3 Short Blades
 + Level 1.9 Throwing
 + Level 0.3 Armour
 + Level 1.0 Dodging
 + Level 5.9 Stealth


You had 2 spell levels left.
You didn't know any spells.

Dungeon Overview and Level Annotations

Branches:
Dungeon (2/15)

Altars:

Annotations:
D:2 Natasha


Innate Abilities, Weirdness & Mutations

You have extremely sharp teeth.
When hurt, damage is shared between your health and your magic reserves.
Your bite disrupts and absorbs the magic of your enemies.
Potions cannot restore your health.
You are immune to rotting.


Message History

Natasha mumbles some strange words.
You hit Natasha. Your bite misses Natasha.
Natasha is almost dead.
Natasha claws you but does no damage.
You hit Natasha but do no damage. Your bite misses Natasha.
Natasha is almost dead.
Natasha barely misses you.
You hit Natasha but do no damage. Your bite misses Natasha.
Natasha is almost dead.
The crimson imp closely misses you.
You barely miss Natasha. You bite Natasha, but do no damage.
Natasha is almost dead.
Natasha barely misses you.
The crimson imp blinks!
You barely miss Natasha.
Natasha is almost dead.
Natasha closely misses you.
You barely miss Natasha.
Natasha is almost dead.
Natasha claws you!
You die...

#...#####. .....#
#...## ## ##)##
####... .. #.# #......
.# #.# #.##..# .#
##'## #.##..###.#
#...## #.##...§h.#
.....## #.##.# #@.#
......###.##.###..#
.......##.........#
.......'<.......5....#
.......####...##.#####
......## ##.##..#
.....## ### #.# #...##
##. ##+## #


You could see Natasha and a crimson imp.

Vanquished Creatures
  2 oozes (D:1)
  An adder zombie (D:2)
  3 dart slugs (D:1)
  A leopard gecko (D:1)
  2 bats
  A giant cockroach (D:1)
  5 goblins (D:1)
  2 hobgoblins (D:1)
  7 kobolds (D:1)
  3 frilled lizards (D:1)
  6 rats
33 creatures vanquished.

Notes
Turn   | Place    | Note
-------+----------+-------------------------------------------
     0 | D:1      | khargal the Vine Stalker Assassin began the quest for the Orb.
     0 | D:1      | Reached XP level 1. HP: 11/11 MP: 2/2
   174 | D:1      | Reached skill level 5 in Stealth
   198 | D:1      | Reached XP level 2. HP: 6/15 MP: 1/3
   768 | D:1      | Reached XP level 3. HP: 18/18 MP: 4/4
   778 | D:1      | Reached skill level 1 in Dodging
  1778 | D:2      | Noticed Natasha
  1796 | D:2      | Mangled by Natasha

Vault maps used:
D:1:      erik_arrival_gehennom
D:2:      uniq_natasha, uniq_crazy_yiuf_cottage

Skill      XL: |  1  2  3 |
---------------+----------+-----
Stealth        | 5 |  5.9
Short Blades   | 2 |  2.3
Dodging        | 1 |  1.0
Fighting       | |  1.9
Throwing       | |  1.9
Armour         | |  0.3

Action                   || total
-------------------------++-------
Melee: Dagger            ||   116
       Bite              ||    25
  Use: Scroll            ||     1
       Potion            ||     1
 Stab: Sleeping          ||     9
  Eat: Chunk             ||     3
Armor: Robe              ||     4
       Leather armour    ||    16
Dodge: Dodged            ||    56

Table legend:
 A = Spawn XP
 B = Non-spawn XP
 C = Spawn XP percentage of total XP
 D = Spawn monster count
 E = Non-spawn monster count
 F = Spawn count percentage of total count
 G = Total turns spent on level
                    A         B        C        D         E        F      G
               +---------+---------+-------+---------+---------+-------+---------
         Total |       0 |      72 |   0.0 |       0 |      33 |   0.0 |  1796
               +---------+---------+-------+---------+---------+-------+---------
           D:1 |       0 |      62 |   0.0 |       0 |      28 |   0.0 |  1537
           D:2 |       0 |      10 |   0.0 |       0 |       5 |   0.0 |   259
               +---------+---------+-------+---------+---------+-------+---------
